 Dungeon Crawl Stone Soup version 0.23.0 (webtiles) character file.

Game seed: 4213878538154141631

19 Descartes the Shooter (level 2, -1/13 HPs)
             Began as a Vine Stalker Wanderer on Feb 17, 2019.
             Slain by a jackal (2 damage)
             ... on level 1 of the Dungeon.
             The game lasted 00:05:06 (898 turns).

Descartes the Shooter (Vine Stalker Wanderer)        Turns: 898, Time: 00:05:07

Health: -1/13      AC:  2    Str: 14    XL:     2   Next: 75%
Magic:  0/4        EV: 11    Int: 12    God:
Gold:   16         SH:  0    Dex: 13    Spells: 1/3 levels left

rFire    . . .     SeeInvis .   (no weapon)
rCold    . . .     Gourm    .   (no shield)
rNeg     . . .     Faith    .   d - +0 robe
rPois    .         Spirit   +   (no helmet)
rElec    .         Reflect  .   (no cloak)
rCorr    .         Harm     .   (no gloves)
MR       .....                  (no boots)
Stlth    ++........             (no amulet)
HPRegen  0.04/turn              (no ring)
MPRegen  0.09/turn              (no ring)

@: very slightly contaminated
A: fangs 2, magic shield, antimagic bite, no potion heal 3, rot immunity
a: no special abilities


You were on level 1 of the Dungeon.
You were hungry.

You visited 1 branch of the dungeon, and saw 1 of its levels.

You collected 16 gold pieces.

Inventory:

Hand Weapons
 e - a +0 club
Missiles
 g - 22 bolts
 h - 6 stones (quivered)
Armour
 d - a +0 robe (worn)
Scrolls
 a - 3 scrolls of identify
 b - a scroll of fog {unknown}
 i - a scroll of teleportation {unknown}
 l - a scroll of remove curse {unknown}
Potions
 c - a potion of lignification
 j - a potion of curing
Comestibles
 f - 6 rations
 k - a chunk of flesh


   Skills:
   Level 2.6 Bows
 + Level 0.4 Dodging
 + Level 1.5 Stealth
   Level 1.0 Shields
 + Level 0.7 Unarmed Combat
 + Level 1.3 Spellcasting
 + Level 0.4 Conjurations
   Level 2.0 Transmutations
 + Level 0.6 Air Magic
 + Level 2.2 Earth Magic


You had one spell level left.
You knew the following spells:

 Your Spells              Type           Power        Failure   Level  Hunger
a - Sandblast             Erth           #.....       12%         1    ##.....
b - Shock                 Conj/Air       #...         24%         1    ##.....

Your spell library contained the following spells:

 Spells                   Type           Power        Failure   Level  Hunger
 Passwall                 Tmut/Erth      #.......     19%         2    ###....
 Stone Arrow              Conj/Erth      #.....       45%         3    ####...
 Mephitic Cloud           Conj/Pois/Air  #.......     58%         3    ####...
 Petrify                  Tmut/Erth      #.......     77%         4    #####..
 Lee's Rapid Deconstruct  Erth           #.........   97%         5    ######.


Dungeon Overview and Level Annotations

Branches:
Dungeon (1/15)

Altars:


Innate Abilities, Weirdness & Mutations

You have extremely sharp teeth.
When hurt, damage is shared between your health and your magic reserves.
Your bite disrupts and absorbs the magic of your enemies.
Potions cannot restore your health.
You are immune to rotting.


Message History

A hobgoblin comes into view. It is wielding a +0 club.
Casting: Shock (safe; 24% risk of failure)
Confirm with . or Enter, or press ? or * to list all spells.
You don't have enough magic to cast that spell.
The hobgoblin shouts!
You hit the jackal but do no damage.
The jackal is lightly wounded.
The jackal barely misses you.
You closely miss the jackal. Your bite misses the jackal.
The jackal is moderately wounded.
The jackal closely misses you. The jackal bites you.
* * * LOW HITPOINT WARNING * * *
You closely miss the jackal.
The jackal is moderately wounded.
The jackal bites you.
The jackal bites you but does no damage.
You barely miss the jackal.
The jackal is moderately wounded.
The jackal barely misses you. The jackal bites you.
You die...

...#.###... .# ...#..) #. ..#
#. #.#.# #.#####.# #.# #...#
#.#.....# #.# ###.# #.....#.#
#.# #.# ##.....#.# ####[# #.#
#)# #......#.##. ..##.# #.#
#h######.......... #.##.#
#.#####@h..........#.### #.##.#
#...g.......####.###.# #.##.#
#.#########.####.###.###
##.##.# #.## #......##...#.
...##.# #..# #####.........
......# ##.# ##..##...#.
###..######.########
#.....#.###
...................## #.....#.#
..###.........###...###.......#


You could see 2 jackals and a hobgoblin.

Vanquished Creatures
  An ooze (D:1)
  A giant cockroach (D:1)
  2 goblins (D:1)
  2 hobgoblins (D:1)
  2 jackals (D:1)
  A bat (D:1)
  2 kobolds (D:1)
  2 rats (D:1)
13 creatures vanquished.

Notes
Turn   | Place    | Note
-------+----------+-------------------------------------------
     0 | D:1      | Descartes the Vine Stalker Wanderer began the quest for the
                  | Orb.
     0 | D:1      | Descartes set off with the following items: a potion of
                  | lignification, a +0 robe, a +0 club, a ration; and the
                  | following spells available to memorise: Sandblast,
                  | Passwall, Shock, Stone Arrow, Mephitic Cloud, Petrify,
                  | Lee's Rapid Deconstruction
     0 | D:1      | Reached XP level 1. HP: 9/9 MP: 3/3
     2 | D:1      | Learned a level 1 spell: Sandblast
     4 | D:1      | Learned a level 1 spell: Shock
   475 | D:1      | Reached XP level 2. HP: 4/13 MP: 0/4
   898 | D:1      | Slain by a jackal

Action                   || total
-------------------------++-------
Melee: Club              ||    29
       Bite              ||     9
       Unarmed           ||    20
 Cast: Shock             ||    17
  Use: Scroll            ||     1
Armor: Robe              ||     8
Dodge: Dodged            ||    40
